 Dungeon Crawl Stone Soup version 0.21-a0-513-gdcb3f5e (webtiles) character file.

1565 DarkHelmet the Covert (level 8, -4/52 HPs)
             Began as an Octopode Monk on Dec 1, 2017.
             Was an Initiate of Gozag.
             Slain by a bullfrog (5 damage)
             ... on level 6 of the Dungeon.
             The game lasted 00:09:57 (5024 turns).

DarkHelmet the Covert (Octopode Monk)               Turns: 5024, Time: 00:09:57

Health: -4/52      AC:  1    Str: 10    XL:     8   Next: 89%
Magic:  11/11      EV: 14    Int: 17    God:    Gozag
Gold:   181        SH:  0    Dex: 16    Spells: 3/7 levels left

rFire    . . .     SeeInvis .   F - +2 rapier (venom)
rCold    . . .     Gourm    .   (no shield)
rNeg     . . .     Faith    .   (helmet restricted)
rPois    .         Spirit   .   c - amulet of regeneration
rElec    .         Reflect  .   o - +4 ring of intelligence
rCorr    .         Harm     .   r - ring of protection from magic
MR       +....                  w - +2 ring of slaying
Stlth    +++++.....             (no ring)
HPRegen  0.57/turn              (no ring)
MPRegen  0.12/turn              (no ring)
                                (no ring)
                                (no ring)

@: gold aura
A: almost no armour, stealthy swim, amphibious, 8 rings, constrict 8, camouflage
1, gelatinous body 1
a: Potion Petition, Call Merchant, Bribe Branch, Renounce Religion


You were on level 6 of the Dungeon.
You worshipped Gozag.
Gozag was aware of your devotion.
You were very hungry.

You visited 1 branch of the dungeon, and saw 6 of its levels.
You also visited: Sewer.

You collected 925 gold pieces.
You spent 744 gold pieces at shops.

Inventory:

Hand Weapons
 a - a +0 falchion
 F - a +2 rapier of venom (weapon)
Jewellery
 c - an amulet of regeneration (around mantle)
 o - a +4 ring of intelligence (left tentacle)
 r - a ring of protection from magic (right tentacle)
 v - the macabre finger necklace {rN+}
   (You found it on level 4 of the Dungeon)

   [amulet of nothing]

   It protects you from negative energy.
 w - a +2 ring of slaying (on tentacle)
Wands
 x - a wand of paralysis (8)
 y - a wand of acid (10)
 D - a wand of iceblast (7)
Scrolls
 e - 5 scrolls of remove curse {unknown}
 f - 3 scrolls of magic mapping {unknown}
 g - 3 scrolls of enchant weapon {unknown}
 h - 2 scrolls of amnesia {unknown}
 i - 3 scrolls of fog {unknown}
 l - 4 scrolls of fear {unknown}
 m - a scroll of blinking {unknown}
 s - 2 scrolls of random uselessness {unknown}
 u - 6 scrolls of teleportation {unknown}
Potions
 n - 2 potions of lignification
 p - 3 potions of curing
 q - 2 potions of flight {unknown}
 z - 2 potions of haste {unknown}
 A - 2 potions of might
 B - a potion of mutation {unknown}
 E - a potion of invisibility {unknown}
Books
 j - a book of Changes

   Spells                             Type                      Level
   a - Beastly Appendage              Transmutation                1
   b - Sticks to Snakes               Transmutation                2
   c - Spider Form                    Transmutation/Poison         3
   d - Ice Form                       Ice/Transmutation            4
   e - Blade Hands                    Transmutation                5
 C - a book of Cantrips

   Spells                             Type                      Level
   a - Confusing Touch                Hexes                        1
   b - Animate Skeleton               Necromancy                   1
   c - Summon Small Mammal            Summoning                    1
   d - Apportation                    Translocation                1
Comestibles
 b - 7 bread rations
 d - a royal jelly
 t - 3 fruits


   Skills:
 - Level 3.0 Fighting
 + Level 8.0 Long Blades
 - Level 3.0 Dodging
 + Level 9.2 Stealth
 + Level 5.2 Evocations


You had 3 spell levels left.
You knew the following spells:

 Your Spells              Type           Power        Failure   Level  Hunger
a - Ice Form              Ice/Tmut       #.......     93%         4    #####..


Dungeon Overview and Level Annotations

Branches:
Dungeon (6/15)             Temple (0/1) D:5

Altars:
Fedhas
Gozag
Kikubaaqudgha
Qazlal
Vehumet
Xom
Yredelemnul

Shops:
D:4 *   D:6 *


Innate Abilities, Weirdness & Mutations

You cannot wear most types of armour.
You are very stealthy in the water. (Stealth+)
You are amphibious.
You can wear up to eight rings at the same time.
You can use your tentacles to constrict eight enemies at once.
Your skin changes colour to match your surroundings (Stealth+).
Your rubbery body absorbs attacks. (AC +1, EV +1)


Message History

You squeeze the orc warrior!
The orc warrior is almost dead.
You constrict the orc warrior.
You kill the orc warrior!
Your Long Blades skill increases to level 8!
The bullfrog barely misses you. The orc hits you but does no damage.
You hit the bullfrog.
The bullfrog is poisoned.
You grab the bullfrog.
The bullfrog is lightly wounded.
You constrict the bullfrog. The bullfrog hits you!
* * * LOW HITPOINT WARNING * * *
The orc misses you.
You hit the bullfrog.
The bullfrog looks as sick as possible!
You squeeze the bullfrog, but do no damage.
The bullfrog is moderately wounded.
You constrict the bullfrog. The bullfrog closely misses you.
The crimson imp hits you.
* * * LOW HITPOINT WARNING * * *
The bullfrog hits you.
You die...
Your body crumbles into a pile of gold.

#.# #.# #### #.#
#####..######.###
#.............#..
#######.##..#.......#.#
#..........##.......#.#
#.....o...>######.#...#
#...$@F....# #.###.#
#....5.$...# #.# #.#
#####..#...# #.###..
##.#.### #..#... #...#
#..#.#. .#.## #.....>
.#.# .#..... ..#.#
.#.#... ......


You could see a bullfrog, a crimson imp and an orc.

Vanquished Creatures
  Menkaure (D:4)
  A sky beast (D:6)
  Purgy (Sewer)
  An orc warrior (D:6)
  A phantom (D:6)
  The ghost of DarkHelmet the Slasher, an amateur DsMo (D:3)
  A centaur (D:6)
  A bullfrog (D:5)
  2 howler monkeys (D:5)
  A crimson imp (D:5)
  A centaur zombie (D:6)
  A hound (D:5)
  A bullfrog skeleton (D:6)
  5 orc priests (D:6)
  2 centaur skeletons (D:4)
  3 worker ants
  3 orc wizards
  2 hound skeletons (D:5)
  14 adders
  2 oozes (D:1)
  An adder skeleton (D:4)
  3 worms
  3 dart slugs
  4 leopard geckos
  9 orcs
  5 giant cockroaches
  2 gnoll zombies (D:4)
  9 goblins
  6 hobgoblins
  5 jackals
  3 kobolds
  3 quokkas
  5 ball pythons
  8 bats
  8 frilled lizards
  A jackal skeleton (D:3)
  2 leopard gecko skeletons (D:4)
  A quokka skeleton (D:4)
  6 rats
129 creatures vanquished.

Notes
Turn   | Place    | Note
-------+----------+-------------------------------------------
     0 | D:1      | DarkHelmet the Octopode Monk began the quest for the Orb.
     0 | D:1      | Reached XP level 1. HP: 16/16 MP: 1/1
    78 | D:1      | Reached XP level 2. HP: 21/21 MP: 2/2
   908 | D:2      | Reached XP level 3. HP: 26/26 MP: 3/3
  1061 | D:2      | Reached XP level 4. HP: 24/31 MP: 4/4
  1579 | D:3      | Found a blossoming altar of Fedhas.
  1581 | D:3      | Found an opulent altar of Gozag.
  1588 | D:3      | Reached skill level 5 in Long Blades
  1588 | D:3      | Reached skill level 3 in Stealth
  1591 | D:3      | Became a worshipper of Gozag Ym Sagoz the Greedy
  1684 | D:3      | Found a faded altar of an unknown god.
  1713 | D:3      | Noticed DarkHelmet's ghost (amateur DsMo)
  1724 | D:3      | Killed DarkHelmet's ghost
  1724 | D:3      | Reached skill level 4 in Stealth
  1724 | D:3      | Reached XP level 5. HP: 7/36 MP: 5/5
  2100 | D:3      | Reached skill level 5 in Stealth
  2100 | D:3      | Reached XP level 6. HP: 42/42 MP: 6/6
  2519 | D:4      | Found a shimmering altar of Xom.
  2525 | D:4      | Found a shimmering altar of Xom.
  2526 | D:4      | Found a shimmering altar of Xom.
  2526 | D:4      | Found a shimmering altar of Xom.
  2527 | D:4      | Found a shimmering altar of Xom.
  2528 | D:4      | Found a shimmering altar of Xom.
  2528 | D:4      | Found a shimmering altar of Xom.
  2722 | D:4      | Reached skill level 6 in Stealth
  2817 | D:4      | Found the macabre finger necklace {rN+}
  2871 | D:4      | Found Vodoesm's Assorted Antiques.
  2877 | D:4      | Bought a large wooden ring for 140 gold pieces
  2877 | D:4      | Bought a scroll labeled QORAEPOEKHLITO for 28 gold pieces
  2877 | D:4      | Bought a scroll labeled RERCHYZ ZUOZI for 28 gold pieces
  2877 | D:4      | Bought a worn ivory wand for 112 gold pieces
  2972 | D:4      | Found a glowing drain.
  3004 | Sewer    | Entered a sewer
  3043 | Sewer    | Noticed Purgy
  3052 | Sewer    | Killed Purgy
  3052 | Sewer    | Reached skill level 1 in Evocations
  3052 | Sewer    | Reached XP level 7. HP: 17/46 MP: 6/8
  3409 | D:4      | Got a spiked scale mail
  3666 | D:4      | Noticed Menkaure
  3675 | D:4      | Killed Menkaure
  3678 | D:4      | Reached skill level 7 in Stealth
  3727 | D:4      | Found a basalt altar of Yredelemnul.
  3771 | D:5      | Entered Level 5 of the Dungeon
  3871 | D:5      | Found a stormy altar of Qazlal.
  4082 | D:5      | Found a radiant altar of Vehumet.
  4087 | D:5      | Reached XP level 8. HP: 31/52 MP: 10/10
  4198 | D:5      | Found an ancient bone altar of Kikubaaqudgha.
  4374 | D:5      | Found a staircase to the Ecumenical Temple.
  4541 | D:6      | Found Nakuw's Assorted Antiques.
  4563 | D:6      | Reached skill level 8 in Stealth
  4818 | D:6      | Bought a copper wand for 104 gold pieces
  4818 | D:6      | Bought a yellow potion for 23 gold pieces
  4818 | D:6      | Bought a cyan potion for 23 gold pieces
  4818 | D:6      | Bought a scroll labeled SUASHE VUCKYNEU for 26 gold pieces
  4818 | D:6      | Bought a scroll labeled GONYNT AMUO for 26 gold pieces
  4818 | D:6      | Bought a runed rapier for 182 gold pieces
  4818 | D:6      | Bought a scroll labeled METWEJ WILA for 26 gold pieces
  4818 | D:6      | Bought a scroll labeled SUASHE VUCKYNEU for 26 gold pieces
  4829 | D:6      | Learned a level 4 spell: Ice Form
  4961 | D:6      | Reached skill level 9 in Stealth
  5014 | D:6      | Reached skill level 5 in Evocations
  5018 | D:6      | HP: 2/52 [bullfrog (8)]
  5024 | D:6      | HP: 1/52 [crimson imp (4)]
  5024 | D:6      | Slain by a bullfrog

Vault maps used:
D:1:      lightli_arrival_statuegarden, minmay_misc_feat_tiny
D:2:      minmay_misc_feat_secret_circle
D:3:      chequers_temple_overflow_statue_of_worship,
          chequers_ecumenical_altar_island, hex_tiny, kennysheep_crisscross,
          minivault_25
D:4:      minmay_diamond_boxcup, lemuel_zombie_altar_yredelemnul, serial_shops,
          shop, cheibrodos_sewer_entry_bend, xom_redecorated, uniq_menkaure
D:5:      kiku_gazebo_garden_becter, grunt_qazlal_sundering, old_standard_altar,
          minmay_temple_entry_grid, first_bread
D:6:      serial_shops, nicolae_shop_crystal, kennysheep_mini, shop,
          nicolae_shop_crystal
Sewer:    sewer_co_purgy_island

Skill      XL: |  1  2  3  4  5  6  7  8 |
---------------+-------------------------+-----
Long Blades    | 4 5 6 7 8 |  8.0
Stealth        | 4 5 6 7 9 |  9.2
Evocations     | 1 3 5 |  5.2
Fighting       | |  3.0
Dodging        | |  3.0

Action                   |  1- 3 |  4- 6 |  7- 9 || total
-------------------------+-------+-------+-------++-------
Melee: Falchion          |    43 |   137 |    78 ||   258
       Tentacles         |    10 |    28 |    30 ||    68
       Constrict         |    11 |    36 |    28 ||    75
       Rapier            |       |       |    40 ||    40
Invok: Potion Petition   |       |     1 |       ||     1
  Use: Scroll            |       |       |     5 ||     5
       Potion            |       |       |     2 ||     2
 Stab: Sleeping          |    10 |    19 |     7 ||    36
       Distracted        |       |     2 |     2 ||     4
  Eat: Chunk             |       |     3 |       ||     3
       Royal jelly       |       |     2 |       ||     2
       Meat ration       |       |     1 |       ||     1
Armor: Skin              |     4 |     8 |     3 ||    15
Dodge: Dodged            |    28 |    75 |    96 ||   199
       Rpst.: Falchion   |    12 |    25 |    19 ||    56

Table legend:
 A = Spawn XP
 B = Non-spawn XP
 C = Spawn XP percentage of total XP
 D = Spawn monster count
 E = Non-spawn monster count
 F = Spawn count percentage of total count
 G = Total turns spent on level
                    A         B        C        D         E        F      G
               +---------+---------+-------+---------+---------+-------+---------
         Total |       0 |    2237 |   0.0 |       0 |     129 |   0.0 |  5024
               +---------+---------+-------+---------+---------+-------+---------
           D:1 |       0 |      32 |   0.0 |       0 |      11 |   0.0 |   869
           D:2 |       0 |      70 |   0.0 |       0 |      22 |   0.0 |   709
           D:3 |       0 |     264 |   0.0 |       0 |      31 |   0.0 |   913
           D:4 |       0 |     401 |   0.0 |       0 |      25 |   0.0 |   903
           D:5 |       0 |     410 |   0.0 |       0 |      13 |   0.0 |   805
           D:6 |       0 |     912 |   0.0 |       0 |      18 |   0.0 |   448
         Sewer |       0 |     148 |   0.0 |       0 |       9 |   0.0 |   377
               +---------+---------+-------+---------+---------+-------+---------
